Map: Cosmic Sapphire

Players

Dolan - Winner!

  • Race: Terran Terran
  • Spawn Location: 5:00

Zain

  • Race: Protoss Protoss
  • Spawn Location: 11:00

Event: DreamHack SC2 Masters 2022 Atlanta (Offline)

VOD

Have the link to the VOD?

Description

Time

  • Played on: Nov. 18, 2022, 10:29 a.m.
  • Length: 7:12

All games in this series

Show
View Real Time Build Order
Export as new Build Order

Dolan Terran - Winner!

Build Orders:  

Get SALT Encoding   

  12  0:00  SCV  
  13  0:12  SCV  
  14  0:16  Supply Depot  
  14  0:24  SCV  
  15  0:38  SCV  
  15  0:39  Barracks  
  16  0:43  Refinery  
  16  0:50  SCV  
  16  0:54  Supply Depot  
  17  1:02  SCV  
  18  1:14  SCV  
  19  1:27  Orbital Command, Marine  
  20  1:46  Barracks Reactor  
  20  1:51  Command Center  
  21  1:54  SCV  
  21  2:01  Barracks  
  21  2:07  Bunker  
  21  2:10  SCV  
  22  2:22  SCV, Marine, Barracks  
  24  2:23  Marine  
  25  2:34  SCV  
  26  2:42  Marine x2  
  28  2:46  SCV  
  28  2:48  Refinery, Barracks Tech Lab  
  29  2:58  SCV  
  29  3:01  Marine  
  29  3:03  Marine  
  32  3:05  Orbital Command  
  32  3:10  SCV  
  33  3:17  Barracks Tech Lab, Marine  
  33  3:22  Stimpack  
  33  3:23  SCV, Marine x2  
  33  3:26  Supply Depot  
  35  3:33  SCV  
  36  3:36  SCV, Marine x2  
  36  3:41  Marine x2  
  41  3:48  Combat Shield  
  41  3:49  Supply Depot  
  41  3:56  Marine x2  
  41  4:02  SCV x2  
  45  4:07  Marine x2  
  47  4:12  Supply Depot, Factory  
  47  4:15  Marauder x2  
  51  4:20  SCV x2  
  53  4:25  Marine x2  
  53  4:27  Engineering Bay  
  55  4:33  SCV  
  55  4:34  SCV  
  57  4:45  Marauder x2, Marine x2  
  63  4:46  SCV x2  
  63  4:52  Refinery  
  65  4:54  Terran Infantry Weapons Level 1  
  65  4:55  Supply Depot  
  65  5:00  Starport, Factory Reactor  
  63  5:09  Marauder x2, Marine x2  
  63  5:12  SCV  
  70  5:16  SCV  
  70  5:19  Supply Depot  
  71  5:25  Concussive Shells  
  71  5:27  SCV  
  72  5:28  SCV  
  72  5:30  Supply Depot  
  72  5:35  Marauder x2, Marine  
  78  5:40  Marine  
  81  5:43  Factory Tech Lab  
  81  5:44  Medivac x2  
  81  5:46  SCV x2  
  85  5:52  Supply Depot  
  85  5:53  Refinery  
  85  6:00  Marauder x2, Marine  
  85  6:01  Marine  
  91  6:05  Siege Tank  
  94  6:14  Supply Depot  
  94  6:18  Marine x2  
  95  6:21  Marauder x2  
  95  6:25  SCV x2  
  102  6:28  Supply Depot  
  102  6:36  Command Center  
  102  6:38  SCV x2  
  104  6:40  Siege Tank  
Show
View Real Time Build Order
Export as new Build Order

Zain Protoss 

Build Orders: 1 Gate Expand, Blink Stalkers 

Get SALT Encoding   

  12  0:00  Probe  
  13  0:12  Probe  
  14  0:18  Pylon  
  14  0:24  Probe (Chrono Boost)  
  15  0:36  Gateway, Probe (Chrono Boost)  
  16  0:44  Probe (Chrono Boost)  
  16  0:48  Assimilator  
  17  0:50  Probe  
  18  1:01  Gateway  
  18  1:04  Probe  
  19  1:23  Cybernetics Core  
  19  1:38  Nexus  
  19  1:45  Pylon  
  19  1:59  Adept (Chrono Boost)  
  19  2:00  Warp Gate  
  23  2:03  Adept (Chrono Boost), Probe  
  23  2:07  Assimilator  
  24  2:15  Probe  
  25  2:21  Adept (Chrono Boost)  
  25  2:22  Adept (Chrono Boost)  
  27  2:27  Probe  
  30  2:39  Probe  
  31  2:47  Twilight Council  
  31  2:52  Probe  
  32  3:04  Probe x2  
  34  3:16  Probe x2  
  34  3:18  Blink (Chrono Boost)  
  32  3:28  Probe x2  
  34  3:39  Robotics Facility  
  34  3:40  Probe x2  
  36  3:49  Stalker x2  
  36  3:52  Probe x2  
  36  3:55  Pylon  
  42  4:04  Probe x2  
  44  4:16  Probe, Pylon  
  44  4:17  Probe  
  46  4:20  Nexus  
  46  4:26  Stalker x2  
  46  4:27  Observer (Chrono Boost)  
  46  4:28  Probe  
  46  4:29  Probe  
  53  4:42  Probe  
  53  4:43  Pylon  
  54  4:49  Shield Battery, Stalker x2  
  54  4:51  Shield Battery  
  58  4:53  Assimilator  
  58  4:54  Probe  
  58  4:57  Probe  
  60  5:06  Probe  
  61  5:11  Probe  
  62  5:16  Stalker x2  
  62  5:18  Probe  
  67  5:23  Probe  
  68  5:29  Gateway  
  68  5:30  Probe  
  68  5:31  Gateway  
  68  5:33  Probe  
  68  5:34  Robotics Bay, Gateway  
  68  5:35  Probe  
  71  5:37  Observer  
  71  5:42  Probe, Stalker  
  75  5:45  Probe  
  75  5:49  Probe  
  77  5:52  Observer  
  77  5:54  Probe  
  78  5:57  Probe, Stalker  
  81  6:04  Gateway  
  81  6:05  Shield Battery, Sentry  
  81  6:06  Gateway, Probe  
  81  6:07  Pylon  
  84  6:25  Colossus (Chrono Boost), Gateway, Pylon  
  84  6:29  Zealot  
  92  6:34  Pylon x2  
  92  6:46  Zealot x4  
  72  7:03  Zealot x3  
Tags
 
Add a new tag
Caveats
  • Supply blocks, unpowered buildings, or Contaminate may cause inaccurate times.
  • Supply counts are checked every 10 seconds.